 Dungeon Crawl Stone Soup version 0.26.0-45-g9c1d065592 (webtiles) character file.

Game seed: 16675403363856068296

225 lightspider the Sneak (level 6, -2/37 HPs)
             Began as a Tengu Brigand on Feb 1, 2021.
             Slain by a gnoll (8 damage)
             ... on level 3 of the Dungeon.
             The game lasted 00:10:59 (3104 turns).

lightspider the Sneak (Tengu Brigand)               Turns: 3104, Time: 00:11:02

Health: -2/37      AC:  4    Str: 13    XL:     6   Next: 1%
Magic:  7/7        EV: 13    Int: 11    God:
Gold:   167        SH:  0    Dex: 16    Spells: 5/5 levels left

rFire    . . .     SeeInvis .   w - +2 long sword (vamp)
rCold    . . .     Faith    .   (no shield)
rNeg     . . .     Spirit   .   h - +0 leather armour
rPois    .         Reflect  .   (helmet restricted)
rElec    .         Harm     .   c - +0 cloak
rCorr    .         Rampage  .   (no gloves)
Will     .....                  (boots unavailable)
Stlth    +++.......             (no amulet)
HPRegen  0.12/turn              (no ring)
MPRegen  0.10/turn              (no ring)

@: no status effects
A: beak, talons 3, able to fly
a: Fly


You were on level 3 of the Dungeon.
You visited 1 branch of the dungeon, and saw 3 of its levels.

You collected 167 gold pieces.

Inventory:

Hand Weapons
 a - a +2 dagger
 t - a cursed -1 war axe
 w - a +2 vampiric long sword (weapon)
Missiles
 d - 7 poisoned darts (quivered)
 e - 2 curare-tipped darts
 v - 4 atropa-tipped darts
Armour
 b - a +0 robe
 c - a +0 cloak (worn)
 h - a +0 leather armour (worn)
 k - a cursed +0 helmet
 s - a +0 kite shield
Jewellery
 m - an uncursed ring of fire
 r - an uncursed ring of wizardry
Scrolls
 g - a scroll of blinking {unknown}
 j - 3 scrolls of remove curse
 p - a scroll of teleportation {unknown}
 q - 2 scrolls of identify {unknown}
 u - a scroll of fear {unknown}
Potions
 f - a potion of mutation {unknown}
 i - 2 potions of curing {unknown}
 l - a potion of haste {unknown}
 n - a potion of invisibility {unknown}
 o - a potion of magic {unknown}


   Skills:
 + Level 3.0 Fighting
 - Level 3.2 Short Blades
 + Level 0.2(1.9) Long Blades
 + Level 3.0 Throwing
 + Level 2.1 Armour
 + Level 2.8 Dodging
 + Level 4.7 Stealth


You had 5 spell levels left.
You didn't know any spells.
Your spell library was empty.

Dungeon Overview and Level Annotations

Branches:
Dungeon (3/15)

Altars:


Innate Abilities, Weirdness & Mutations

You have a beak for a mouth.
You have claws for feet.
You can fly continuously.


Message History

* * * LOW HITPOINT WARNING * * *
Things that are here:
a cursed +0 falchion; a cursed +0 chain mail The gnoll looks more healthy.
There is an open door here.
You close the door.
A gnoll opens the door.
A gnoll comes into view.
There is an open door here.
The gnoll shouts!
You close the door.
A gnoll opens the door.
The gnoll closely misses you.
You hit the gnoll. You claw the gnoll.
The gnoll is severely wounded.
The gnoll hits you from afar with a +0 spear.
* * * LOW HITPOINT WARNING * * *
The gnoll hits you with a +0 spear.
* * * LOW HITPOINT WARNING * * *
The gnoll hits you!
You die...

####.##### #........
######.##..#.#
########...##.#...#.#
#........#...†......#
#.#####....##.#...#.#
#.##......###.##.## #
#.##.##.### #†##.##.#
#.##.##.# #..@g...#
#.##.##.# ####g####
#.......# ##..g##
#.......# ##.....##
#.#.....# ##.......##
##.#.....####g........#
............'.........+
##.##....####.........#
.........# ##....<..##


You could see 3 gnolls.

Vanquished Creatures
  A scorpion (D:2)
  An orc wizard (D:3)
  A gnoll (D:3)
  3 adders
  4 worms
  4 dart slugs
  8 leopard geckos
  4 orcs (D:3)
  5 giant cockroaches
  8 hobgoblins
  9 jackals
  2 quokkas
  6 bats
  4 frilled lizards
  6 goblins
  9 kobolds
  8 rats
83 creatures vanquished.

Notes
Turn   | Place    | Note
-------+----------+-------------------------------------------
     0 | D:1      | lightspider the Tengu Brigand began the quest for the Orb.
     0 | D:1      | Reached XP level 1. HP: 12/12 MP: 2/2
   148 | D:1      | Reached XP level 2. HP: 17/17 MP: 3/3
   336 | D:1      | Reached XP level 3. HP: 14/21 MP: 4/4
   648 | D:1      | Reached skill level 1 in Armour
  1086 | D:2      | Reached XP level 4. HP: 12/27 MP: 5/5
  1649 | D:2      | Gained mutation: You can fly continuously. [Tengu growth]
  1649 | D:2      | Reached XP level 5. HP: 31/31 MP: 6/6
  3075 | D:3      | Reached XP level 6. HP: 10/37 MP: 7/7
  3104 | D:3      | Slain by a gnoll

Illustrated notes

Levels and vault maps discovered:
D:1:      dpeg_arrival_arbitrary_c, layout_loops_cross,
          corexii_leaking_fountain, minmay_pentomino_t4
D:2:      layout_loops_ring
D:3:      layout_loops_corners, ebering_ghost_sewer_d

Skill      XL: |  1  2  3  4  5 |
---------------+----------------+-----
Armour         | 1 2 |  2.1
Dodging        | 2 |  2.8
Short Blades   | 3 |  3.2
Throwing       | 3 |  3.0
Fighting       | 3 |  3.0
Long Blades    | |  0.2
Stealth        | |  4.7

Action                   |  1- 3 |  4- 6 || total
-------------------------+-------+-------++-------
Melee: Dagger            |    93 |   113 ||   206
       Kick              |    27 |    40 ||    67
       Peck              |     9 |    24 ||    33
       Long sword        |       |    11 ||    11
Throw: Dart              |       |     2 ||     2
  Use: Scroll            |     1 |       ||     1
 Stab: Sleeping          |     8 |     4 ||    12
       Distracted        |       |     1 ||     1
Armor: Leather armour    |    15 |    13 ||    28
Dodge: Dodged            |    53 |    74 ||   127
       Rpst.: Long sword |       |     3 ||     3
